 Dungeon Crawl Stone Soup version 0.24-a0-420-g24607be9ce (webtiles) character file.

Game seed: 15893708696755466236

5 Ijustatesigmund the Shield-Bearer (level 1, 0/16 HPs)
             Began as an Octopode Fighter on June 11, 2019.
             Slain by a jackal (1 damage)
             ... on level 1 of the Dungeon.
             The game lasted 00:00:21 (168 turns).

Ijustatesigmund the Shield-Bearer (Octopode Fighter) Turns: 168, Time: 00:00:22

Health: 0/16       AC:  1    Str: 20    XL:     1   Next: 80%
Magic:  1/1        EV: 11    Int: 10    God:
Gold:   34         SH:  9    Dex: 11    Spells: 0/0 levels left

rFire    . . .     SeeInvis .   a - +0 flail
rCold    . . .     Gourm    .   b - +0 shield
rNeg     . . .     Faith    .   (helmet restricted)
rPois    .         Spirit   .   (no amulet)
rElec    .         Reflect  .   f - ring of stealth
rCorr    .         Harm     .   (no ring)
MR       .....                  (no ring)
Stlth    +++.......             (no ring)
HPRegen  0.05/turn              (no ring)
MPRegen  0.07/turn              (no ring)
                                (no ring)
                                (no ring)

@: mighty
A: almost no armour, stealthy swim, amphibious, 8 rings, constrict 8, camouflage
1, gelatinous body 1
a: no special abilities


You were on level 1 of the Dungeon.
You were not hungry.

You visited 1 branch of the dungeon, and saw 1 of its levels.

You collected 34 gold pieces.

Inventory:

Hand Weapons
 a - a +0 flail (weapon)
Armour
 b - a +0 shield (worn)
Jewellery
 f - a ring of stealth (left tentacle)
Scrolls
 e - a scroll of remove curse {unknown}
Comestibles
 d - a ration


   Skills:
 - Level 3.0 Fighting
 + Level 2.5 Maces & Flails
 - Level 3.0 Dodging
 - Level 3.0 Shields


You couldn't memorise any spells.
You didn't know any spells.
Your spell library was empty.

Dungeon Overview and Level Annotations

Branches:
Dungeon (1/15)

Altars:


Innate Abilities, Weirdness & Mutations

You cannot wear most types of armour.
You are very stealthy in the water. (Stealth+)
You are amphibious.
You can wear up to eight rings at the same time.
You can use your tentacles to constrict eight enemies at once.
Your skin changes colour to match your surroundings (Stealth+).
Your rubbery body absorbs attacks. (AC +1, EV +1)


Message History

You are too injured to fight recklessly!
You are too injured to fight recklessly!
You are too injured to fight recklessly!
You are too injured to fight recklessly!
You feel very mighty all of a sudden. You block the jackal's attack.
The jackal bites you. You block the jackal's attack. The bat hits you.
The jackal bites you. The jackal barely misses you. x2
The kobold shouts!
You thump the jackal!
You kill the jackal!
The bat hits you.
* * * LOW HITPOINT WARNING * * *
The jackal completely misses you. The jackal misses you. The jackal bites you.
* * * LOW HITPOINT WARNING * * *
You closely miss the jackal. You grab the jackal. You squeeze the jackal.
You kill the jackal!
The bat hits you but does no damage. The jackal barely misses you.
The jackal bites you.
You die...

............#.########
#.###.#..###.#.........
#.....#..# #..#######
######....# #..#
#........#### #..#
##.###...##...#..# #.#
.#.......#..######
#.#..#.........?......
#.#......####.@>......
#.#.....##...††hb.....
#.#.....##.##..K.#####
#.# # #...... #.# #
#.....## #.# .# #.....#
#.# ##.#.##[....# #.#
... .####.#.# #.####.#
..#


You could see a jackal, a bat and a kobold.

Vanquished Creatures
  A goblin (D:1)
  3 jackals (D:1)
4 creatures vanquished.

Notes
Turn   | Place    | Note
-------+----------+-------------------------------------------
     0 | D:1      | Ijustatesigmund the Octopode Fighter began the quest for
                  | the Orb.
     0 | D:1      | Reached XP level 1. HP: 16/16 MP: 1/1
   168 | D:1      | Slain by a jackal

Levels and vault maps discovered:
D:1:      co_arrival_square_in_a_square_in_a_square, layout_basic,
          roderic_three_in_a_row

Action                   || total
-------------------------++-------
Melee: Flail             ||     7
       Constrict         ||     1
       Tentacles         ||     1
  Use: Potion            ||     1
Armor: Skin              ||     2
Dodge: Dodged            ||     7
Block: Shield            ||     2

Table legend:
 A = Non-vault XP
 B = Vault XP
 C = Vault XP percentage of total XP
 D = Non-vault monster count
 E = Vault monster count
 F = Vault count percentage of total count
                 A         B        C        D         E       F
            +---------+---------+-------+---------+---------+-------
      Total |       8 |       0 |   0.0 |       4 |       0 |   0.0
            +---------+---------+-------+---------+---------+-------
        D:1 |       8 |       0 |   0.0 |       4 |       0 |   0.0
            +---------+---------+-------+---------+---------+-------
